 Dungeon Crawl Stone Soup version 0.24.0-123-gd5b16e6ec5 (webtiles) character file.

Game seed: 18075253902369496692, levelgen mode: deterministic

8246 Delamore the Severer (level 11, 0/82 HPs)
             Began as a Hill Orc Fighter on Dec 22, 2019.
             Was a High Priest of Okawaru.
             Slain by a yak (1 damage)
             ... on level 9 of the Dungeon.
             The game lasted 00:18:52 (10284 turns).

Delamore the Severer (Hill Orc Fighter)            Turns: 10284, Time: 00:18:52

Health: 0/82       AC: 10    Str: 23    XL:     11   Next: 27%
Magic:  2/3        EV:  8    Int:  8    God:    Okawaru [*****.]
Gold:   487        SH:  9    Dex: 10    Spells: 10/10 levels left

rFire    . . .     SeeInvis .   H - +2 war axe (antimagic)
rCold    . . .     Gourm    .   c - +0 shield
rNeg     . . .     Faith    .   v - +0 ring mail {rPois}
rPois    +         Spirit   .   w - +1 hat
rElec    .         Reflect  .   P - +2 cloak {+Inv}
rCorr    .         Harm     .   y - +0 pair of gloves
MR       +....                  (no boots)
Stlth    +.........             (no amulet)
HPRegen  0.23/turn              p - ring of protection from magic
MPRegen  0.08/turn              q - ring of stealth

@: lightly drained
A: no striking features
a: Heroism, Finesse, Renounce Religion, Evoke Invisibility


You were on level 9 of the Dungeon.
You worshipped Okawaru.
Okawaru was extremely pleased with you.
You were not hungry.

You visited 2 branches of the dungeon, and saw 11 of its levels.
You also visited: Sewer.

You collected 487 gold pieces.

Inventory:

Hand Weapons
 H - a +2 antimagic war axe (weapon)
Armour
 c - a +0 shield (worn)
 m - a scarf of cloud immunity
 v - a +0 ring mail of poison resistance (worn)
 w - a +1 hat (worn)
 y - a +0 pair of gloves (worn)
 P - a +2 cloak of invisibility (worn)
Jewellery
 p - a ring of protection from magic (left hand)
 q - a ring of stealth (right hand)
 Q - an uncursed amulet of faith {unknown}
Wands
 b - a wand of flame (12)
 n - a wand of iceblast (17) (quivered)
 u - a wand of digging (6)
 D - a wand of enslavement (7)
 F - a wand of paralysis (14)
 I - a wand of acid (10)
 L - a wand of clouds (4)
Scrolls
 a - 3 scrolls of enchant armour {unknown}
 g - 5 scrolls of teleportation
 i - 3 scrolls of remove curse
 j - 3 scrolls of fear {unknown}
 l - a scroll of random uselessness {unknown}
 s - 2 scrolls of immolation
 x - 3 scrolls of blinking {unknown}
 z - a scroll of amnesia
 B - a scroll of enchant weapon {unknown}
 C - a scroll of fog
 K - a scroll of identify
 M - 2 scrolls of magic mapping
 O - a scroll of noise {unknown}
Potions
 d - 2 potions of might
 e - 4 potions of curing {unknown}
 h - 5 potions of flight
 k - 4 potions of mutation {unknown}
 o - 8 potions of agility
 r - a potion of haste {unknown}
 t - a potion of lignification
 A - 5 potions of brilliance {unknown}
 E - 6 potions of ambrosia {unknown}
 J - a potion of degeneration {unknown}
 N - 2 potions of invisibility {unknown}
Comestibles
 f - 10 rations
 G - a chunk of flesh


   Skills:
 - Level 3.6(3.4) Fighting
 + Level 20.1(19.9) Axes
 - Level 3.2(3.1) Armour
 - Level 3.2(3.1) Shields


You had 10 spell levels left.
You didn't know any spells.
Your spell library contained the following spells:

 Spells                   Type           Power        Failure   Level  Hunger
 Beastly Appendage        Tmut           #.....       97%         1    ##.....
 Sticks to Snakes         Tmut           #.......     99%         2    ###....
 Spider Form              Tmut/Pois      #.........   100%        3    ####...
 Ice Form                 Ice/Tmut       #.......     100%        4    #####..
 Blade Hands              Tmut           #.........   100%        5    ######.


Dungeon Overview and Level Annotations

Branches:
Dungeon (10/15)            Temple (1/1) D:4           Sewer (visited)
   Lair: D:8-11         Orc: D:9-12

Altars:
Ashenzari
Cheibriados
Dithmenos
Elyvilon
Fedhas
Gozag
Hepliaklqana
Kikubaaqudgha
Makhleb
Nemelex Xobeh
Okawaru
Qazlal
Ru
Sif Muna
Trog
Uskayaw
Vehumet
Wu Jian
Xom
Yredelemnul
Zin
The Shining One

Shops:
D:4 =

Annotations:
D:3 1 runed translucent door


Message History

You block the yak's attack.
You slash the yak!
The yak is almost dead.
You slash the yak!
You kill the yak!
Okawaru accepts your kill.
You hit the slime creature. The slime creature hits you.
* * * LOW HITPOINT WARNING * * *
You hit the slime creature.
The slime creature is lightly wounded.
The slime creature hits you!
* * * LOW HITPOINT WARNING * * *
Okay, then.
Okay, then.
Okay, then.
Okay, then.
As you read the scroll labeled HAT PATTAERGHASH, it crumbles to dust.
You feel aware of your surroundings.
It was a scroll of magic mapping.
The yak gores you.
You die...

*,,,,*,,,,,,,###...#####
*,,,,*,,,,,,,#..........
**,,,,*,,,,,,,#..........
*,,,,,*,,,,,,,#..........
*,,,,,*,,,,,,,#..........
*.,,,,*,,,,####..........
*...,,*,,,,#.........<...
*.....####+#.............
*......Y@.....##+###.....
*.###+#J.$....#,,,,#.....
*,*,,,#######.#,,,,#.....
*,*,,,,,,,,,#.#,,,,#.....
*,*,,,,,,,,,#.#,,,,#.....
*,*,,,,,,,,,#.#,,,,#.....
*,*,,,,,,,,,#.#,,,,#.....
*,*,,,,,,,,,*.#,,,,#.....
*,*********+*,*,,,,#.....


You could see a slime creature and a yak.

Vanquished Creatures
  Erica (D:7)
  Maurice (D:8)
  Joseph (D:9)
  2 slime creatures (D:9)
  A hippogriff (D:8)
  A hornet (D:7)
  A wyvern (D:8)
  5 yaks (D:9)
  Menkaure (D:5)
  A water moccasin (D:9)
  2 sky beasts
  2 orc warriors
  Duvessa (D:4)
  3 phantoms
  4 ice beasts
  3 eyes of draining
  4 ogres
  2 necrophages
  7 centaurs
  5 big kobolds
  4 bullfrogs
  Dowan (D:4)
  2 scorpions
  8 killer bees
  3 wights (D:9)
  2 howler monkeys
  3 bullfrog zombies
  A centaur zombie (D:9)
  3 crimson imps
  2 jellies (D:8)
  A quasit (D:6)
  A bullfrog skeleton (D:4)
  A hound (D:9)
  2 orc priests
  6 orc wizards
  3 iguanas
  Natasha (thrice) (D:3)
  5 worker ants
  A hound zombie (D:9)
  2 hound skeletons (D:4)
  A worker ant zombie (D:6)
  8 gnolls
  12 adders
  10 river rats
  2 shadow imps
  An ooze (D:3)
  2 worms
  2 dart slugs
  8 leopard geckos
  32 orcs
  5 ball pythons
  7 giant cockroaches
  6 goblins
  8 hobgoblins
  18 jackals
  5 quokkas
  5 bats
  5 frilled lizards
  21 kobolds
  A leopard gecko skeleton (D:8)
  A leopard gecko zombie (D:5)
  22 rats
284 creatures vanquished.

Notes
Turn   | Place    | Note
-------+----------+-------------------------------------------
     0 | D:1      | Delamore the Hill Orc Fighter began the quest for the Orb.
     0 | D:1      | Reached XP level 1. HP: 19/19 MP: 1/1
    27 | D:1      | Reached skill level 3 in Axes
   293 | D:1      | Reached XP level 2. HP: 19/26 MP: 2/2
   774 | D:2      | Reached skill level 4 in Axes
   938 | D:2      | Reached XP level 3. HP: 30/31 MP: 3/3
  1049 | D:2      | Found a shimmering altar of Xom.
  1103 | D:2      | Found a shimmering altar of Xom.
  1105 | D:2      | Found a shimmering altar of Xom.
  1105 | D:2      | Found a shimmering altar of Xom.
  1138 | D:2      | Reached skill level 5 in Axes
  1333 | D:2      | Reached XP level 4. HP: 39/39 MP: 4/4
  1592 | D:3      | Noticed Natasha
  1603 | D:3      | Killed Natasha
  1603 | D:3      | Reached skill level 6 in Axes
  1830 | D:3      | Noticed Natasha
  1835 | D:3      | Reached XP level 5. HP: 34/45 MP: 5/5
  1836 | D:3      | Killed Natasha
  1836 | D:3      | Reached skill level 7 in Axes
  1999 | D:3      | Noticed Natasha
  2008 | D:3      | Killed Natasha
  2114 | D:3      | Found a white marble altar of Elyvilon.
  2114 | D:3      | Found a shattered altar of Ashenzari.
  2148 | D:3      | Found a radiant altar of Vehumet.
  2193 | D:3      | Found a glowing golden altar of the Shining One.
  2193 | D:3      | Found a runed translucent door.
  2193 | D:3      | Noticed an angel
  2541 | D:4      | Reached skill level 8 in Axes
  2541 | D:4      | Reached XP level 6. HP: 46/51 MP: 6/6
  2652 | D:4      | Noticed Dowan
  2653 | D:4      | Noticed Duvessa
  2685 | D:4      | Killed Duvessa
  2685 | D:4      | Reached skill level 9 in Axes
  2686 | D:4      | Killed Dowan
  2686 | D:4      | Reached XP level 7. HP: 15/57 MP: 7/7
  2704 | D:4      | Found a staircase to the Ecumenical Temple.
  2716 | Temple   | Entered the Ecumenical Temple
  2722 | Temple   | Became a worshipper of Warmaster Okawaru
  2934 | D:4      | Reached skill level 10 in Axes
  2948 | D:4      | Found a glowing drain.
  2952 | Sewer    | Entered a sewer
  3360 | Sewer    | Reached * piety under Okawaru
  3360 | Sewer    | Reached skill level 11 in Axes
  3683 | Sewer    | Reached XP level 8. HP: 59/64 MP: 8/8
  4086 | D:4      | Found Veobuen's Jewellery Emporium.
  4100 | D:4      | Found a bloodstained altar of Trog.
  4112 | D:4      | Reached skill level 12 in Axes
  4224 | D:5      | Entered Level 5 of the Dungeon
  4342 | D:5      | Reached ** piety under Okawaru
  4413 | D:5      | Noticed Menkaure
  4433 | D:5      | HP: 2/64 [centaur (8)]
  4441 | D:5      | Killed Menkaure
  4441 | D:5      | Reached skill level 13 in Axes
  4867 | D:5      | Found a sparkling altar of Nemelex Xobeh.
  5049 | D:5      | Reached skill level 14 in Axes
  5049 | D:5      | Reached XP level 9. HP: 49/70 MP: 3/9
  5568 | D:6      | Reached *** piety under Okawaru
  5700 | D:6      | Reached skill level 15 in Axes
  6437 | D:7      | Noticed a hornet
  6447 | D:7      | Paralysed by a hornet for 3 turns
  6454 | D:7      | Killed a hornet
  6644 | D:7      | Reached skill level 16 in Axes
  7370 | D:8      | Reached **** piety under Okawaru
  7370 | D:8      | Reached XP level 10. HP: 42/75 MP: 3/10
  7581 | D:8      | Reached skill level 17 in Axes
  7976 | D:8      | Found a stormy altar of Qazlal.
  8046 | D:8      | Noticed Maurice
  8065 | D:8      | Paralysed by Maurice for 7 turns
  8074 | D:8      | Killed Maurice
  8299 | D:8      | Noticed Erica
  8370 | D:7      | HP: 2/75 [acid (12)]
  8379 | D:7      | Killed Erica
  8379 | D:7      | Reached ***** piety under Okawaru
  8379 | D:7      | Reached skill level 18 in Axes
  9293 | D:9      | Reached skill level 19 in Axes
  9455 | D:10     | Entered Level 10 of the Dungeon
  9471 | D:9      | HP: 3/77 [killer bee (4)]
  9729 | D:10     | Noticed Joseph
  9748 | D:9      | Reached XP level 11. HP: 67/82 MP: 3/11
  9908 | D:9      | Killed Joseph
 10276 | D:9      | Reached skill level 20 in Axes
 10283 | D:9      | HP: 1/82 [slime creature (10)]
 10284 | D:9      | Slain by a yak

Levels and vault maps discovered:
D:1:      dpeg_arrival_pits, layout_loops_ring
D:2:      layout_loops_ring, xom_redecorated
D:3:      layout_basic, chequers_temple_overflow_statue_of_worship,
          serial_rivers, chequers_serial_rivers_micro_b,
          chequers_serial_rivers_micro_e, chequers_serial_rivers_marsh,
          chequers_serial_rivers_marsh, chequers_serial_rivers_micro_a,
          lemuel_angel_altar, uniq_natasha
D:4:      layout_cave_pools, trog_eyes_of_draining, temple_statues,
          serial_shops, kennysheep_mini_moat, gup_sewer_entry_spiral,
          bh_walls_and_bars, uniq_duvessa
D:5:      layout_loops_cross, nemelex_xobeh_ov_fountains_minmay, first_ration,
          uniq_menkaure
D:6:      layout_layer_cave
D:7:      layout_loops_corners
D:8:      layout_layer_cave, overflow_temple_1_default, uniq_erica, uniq_maurice
D:9:      layout_irregular_city
D:10:     layout_roguey, lair_entry_dummy, hangedman_little_slice_of_home,
          uniq_psyche, uniq_nergalle, uniq_joseph
Temple:   minmay_freezing_vapour_temple

Skill      XL: |  1  2  3  4  5  6  7  8  9 10 11 |
---------------+----------------------------------+-----
Axes           | 3 4 5 6 8 9 11 14 16 19 20 | 20.1
Fighting       | |  3.6
Armour         | |  3.2
Shields        | |  3.2

Action                   |  1- 3 |  4- 6 |  7- 9 | 10-12 || total
-------------------------+-------+-------+-------+-------++-------
Melee: War axe           |   115 |    42 |   261 |   267 ||   685
       Hand axe          |       |    86 |   201 |       ||   287
Invok: Heroism           |       |       |       |     2 ||     2
Evoke: Wand              |       |       |     1 |       ||     1
  Use: Potion            |     1 |       |     4 |     6 ||    11
       Scroll            |       |     5 |     1 |     4 ||    10
 Stab: Distracted        |       |       |     2 |       ||     2
       Sleeping          |       |       |     3 |       ||     3
  Eat: Chunk             |     2 |     3 |    16 |    10 ||    31
Armor: Scale mail        |    55 |    18 |       |       ||    73
       Ring mail         |       |    20 |   126 |    81 ||   227
Dodge: Dodged            |    24 |    29 |   128 |    88 ||   269
Block: Shield            |    62 |    60 |   153 |   112 ||   387
